 Dungeon Crawl Stone Soup version 0.19.0-11-g3fc08b3 (webtiles) character file.

367 Joat the Insei (level 6, -10/48 HPs)
             Began as a Draconian Transmuter on Nov 9, 2016.
             Was a Priest of Uskayaw.
             Mangled by Menkaure (12 damage)
             ... on level 4 of the Dungeon.
             The game lasted 00:17:14 (4316 turns).

Joat the Insei (Draconian Transmuter)               Turns: 4316, Time: 00:17:15

Health: -10/48     AC:  2    Str: 12    XL:     6   Next: 41%
Magic:  0/10       EV: 20    Int: 15    God:    Uskayaw [***...]
Gold:   166        SH:  0    Dex: 17    Spells: 2 memorised, 7 levels left

rFire  . . .     SeeInvis .       - Unarmed
rCold  . . .     Gourm    .     (armour unavailable)
rNeg   . . .     Faith    .     (shield currently unavailable)
rPois  x         Spirit   +     (helmet currently unavailable)
rElec  .         Reflect  .     (cloak currently unavailable)
rCorr  .         Harm     .     (gloves currently unavailable)
MR     .....                    (boots currently unavailable)
Stlth  ++........               u - amulet of guardian spirit
                                (no ring)
                                (no ring)

@: spider-form
A: unfitting armour, (cold-blooded), AC +6
a: End Transformation, Stomp, Line Pass, Renounce Religion


You were on level 4 of the Dungeon.
You worshipped Uskayaw.
Uskayaw was noncommittal.
You were not hungry.
You were a venomous arachnid creature.
You visited 1 branch of the dungeon, and saw 4 of its levels.

You collected 166 gold pieces.

Inventory:

Missiles
 a - 35 arrows
Jewellery
 u - an amulet of guardian spirit (around neck)
Scrolls
 e - a scroll of remove curse {unknown}
 f - a scroll of blinking {unknown}
 g - a scroll of fog {unknown}
 h - a scroll of fear {unknown}
 j - 3 scrolls of random uselessness {unknown}
 l - a scroll of magic mapping {unknown}
 m - 4 scrolls of identify {unknown}
 s - a scroll of recharging {unknown}
Potions
 i - a potion of curing {unknown}
 n - 2 potions of might {unknown}
 o - 3 potions of heal wounds {unknown}
 p - a potion of beneficial mutation {unknown}
 t - a potion of ambrosia {unknown}
Books
 b - a book of Changes

   Spells                             Type                      Level
   a - Beastly Appendage              Transmutation                1
   b - Sticks to Snakes               Transmutation                2
   c - Spider Form                    Transmutation/Poison         3
   d - Ice Form                       Ice/Transmutation            4
   e - Blade Hands                    Transmutation                5
Comestibles
 c - 2 bread rations
 d - 3 meat rations
 k - a beef jerky
 q - 2 slices of pizza
 r - 9 chunks of flesh


   Skills:
 * Level 1.7 Fighting
 * Level 2.1 Dodging
 - Level 4.3 Unarmed Combat
 + Level 3.1 Spellcasting
 + Level 3.6 Transmutations
 + Level 3.2 Poison Magic


You had 7 spell levels left.
You knew the following spells:

 Your Spells              Type           Power        Failure   Level  Hunger
q - Beastly Appendage     Tmut           ##....       17%         1    #......
v - Spider Form           Tmut/Pois      ##........   36%         3    ###....


Dungeon Overview and Level Annotations

Branches:
Dungeon (4/15)
 Temple: D:4-7

Altars:
Elyvilon
Hepliaklqana
Uskayaw
Xom

Annotations:
D:4 Menkaure


Innate Abilities, Weirdness & Mutations

((Your plain brown scales are hard. (AC +6)))
You cannot fit into any form of body armour.
((You are cold-blooded and may be slowed by cold attacks.))


Message History

Menkaure misses you.
Uskayaw will force your foes to helplessly watch your dance.
Uskayaw prepares the audience for your solo!
The helpless Menkaure fails to defend himself.
You hit Menkaure.
Menkaure is severely damaged.
Menkaure is no longer paralysed.
Menkaure gestures at you while chanting.
Pain shoots through your body!
You hit Menkaure.
Menkaure is severely damaged.
Menkaure calls on the powers of darkness!
Your body is wracked with pain!
* * * LOW HITPOINT WARNING * * *
Menkaure hits you!
* * * LOW HITPOINT WARNING * * *
You hit Menkaure.
Menkaure is almost destroyed.
Menkaure hits you!
You die...

###.#######
......Ms..#
###...###.#
###.##..#
#.....##
.....##<#
#### ###


You could see Menkaure.

Vanquished Creatures
  The ghost of TBriggs11TB the Cutter, an amateur HaSk (D:3)
  2 hounds (D:3)
  An iguana (D:3)
  A worker ant (D:3)
  10 adders
  A gnoll (D:3)
  3 worms
  A dart slug (D:2)
  4 leopard geckos
  6 orcs (D:3)
  2 giant cockroaches
  2 goblins
  8 hobgoblins
  3 jackals (D:1)
  A quokka (D:2)
  2 ball pythons (D:2)
  9 bats
  6 frilled lizards
  9 kobolds
  9 rats
81 creatures vanquished.

Notes
Turn   | Place    | Note
-------+----------+-------------------------------------------
     0 | D:1      | Joat the Draconian Transmuter began the quest for the Orb.
     0 | D:1      | Reached XP level 1. HP: 16/16 MP: 3/3
   440 | D:1      | Reached XP level 2. HP: 23/23 MP: 5/5
   955 | D:1      | Reached skill level 4 in Unarmed Combat
  1159 | D:1      | Reached XP level 3. HP: 19/28 MP: 6/6
  1257 | D:1      | Learned a level 3 spell: Spider Form
  1358 | D:2      | Reached skill level 1 in Poison Magic
  1596 | D:2      | Reached XP level 4. HP: 35/35 MP: 5/7
  1741 | D:2      | Found a white marble altar of Elyvilon.
  1872 | D:2      | Found a shimmering altar of Xom.
  1873 | D:2      | Found a hazy altar of Hepliaklqana.
  1873 | D:2      | Noticed a wyvern
  1874 | D:2      | Noticed a wyvern
  1874 | D:2      | Noticed a spectral ugly thing
  2064 | D:3      | Noticed TBriggs11TB's ghost (amateur HaSk)
  2129 | D:3      | Found a hide-covered altar of Uskayaw.
  2133 | D:3      | Became a worshipper of Uskayaw the Reveler
  2147 | D:3      | Reached * piety under Uskayaw
  2153 | D:3      | Reached ** piety under Uskayaw
  2891 | D:3      | Reached XP level 5. HP: 36/40 MP: 1/8
  3404 | D:3      | Reached *** piety under Uskayaw
  3780 | D:3      | Reached XP level 6. HP: 41/47 MP: 8/10
  3791 | D:3      | Killed TBriggs11TB's ghost
  4302 | D:4      | Noticed Menkaure
  4315 | D:4      | HP: 2/48 [Menkaure (9)]
  4316 | D:4      | Mangled by Menkaure

Skill      XL: |  1  2  3  4  5  6 |
---------------+-------------------+-----
Unarmed Combat | 4 |  4.3
Poison Magic   | 1 2 3 |  3.2
Transmutations | 3 |  3.6
Spellcasting   | 3 |  3.1
Dodging        | 2 |  2.1
Fighting       | |  1.7

Action                   |  1- 3 |  4- 6 || total
-------------------------+-------+-------++-------
Melee: Unarmed           |   174 |   241 ||   415
       Tailslap          |    10 |    25 ||    35
       Punch             |     2 |     4 ||     6
       Kick              |     5 |     1 ||     6
       Headbutt          |     2 |       ||     2
 Cast: Beastly Appendage |     4 |     1 ||     5
       Spider Form       |       |     4 ||     4
 Stab: Sleeping          |       |     3 ||     3
       Paralysed         |       |     4 ||     4
  Eat: Chunk             |     2 |    10 ||    12
Armor: Skin              |    45 |    81 ||   126
Dodge: Dodged            |   136 |   150 ||   286
